[Event "GER-chT States Women 2022"]
[Site "Braunfels"]
[Date "2022.06.17"]
[Round "3.4"]
[White "Agrest, Inna"]
[Black "Valkova, Angelika"]
[Result "1-0"]
[ECO "B12"]
[WhiteElo "2265"]
[BlackElo "2066"]
[Annotator "TA"]
[PlyCount "85"]
[EventDate "2022.06.15"]
[EventType "swiss"]
[EventCountry "GER"]
[SourceTitle "playchess.com"]
[Source "ChessBase"]
[SourceQuality "1"]
[TimeControl "40/5400+30:1800+30"]

1. e4 c6 2. d4 d5 3. f3 Qb6 4. Nc3 dxe4 5. Bc4 Nf6 ({Don't play} 5... Qb4 6. Qe2 $14) 6. Bb3 {[%emt 0:02:33] B12: Caro-Kann: Advance Variation.} exf3 7. Nxf3 Bf5 {[#]} (7... e6 $15) 8. O-O $146 (8. Ne5 $11 e6 9. O-O) ({Predecessor:} 8. Ne5 e6 9. g4 Bg6 10. h4 Nbd7 11. h5 Be4 12. Nxd7 Kxd7 13. Nxe4 Nxe4 14. Qf3 {1-0 (42) Hristodoulou,P (2252)-Dimitrov,R (2476) Kavala 2017}) 8... e6 $15 9. Ne5 {[%emt 0:09:46][%cal Of1f5] [#] Rxf5! is the strong threat.} Bg6 10. Bg5 Be7 11. Ne2 Bh5 ({Black should try} 11... Nbd7 $15 12. Nxd7 Kxd7) 12. c3 ({Better is} 12. Qe1 $1 $11 Nbd7 13. Nxd7 Kxd7 14. Nf4 Qxd4+ 15. Kh1) 12... Nbd7 13. Nxd7 Nxd7 14. Bxe7 Kxe7 15. Qd2 {[%emt 0:01:44] Hoping for Qg5+.} Bxe2 16. Qxe2 Nf6 17. Rf4 Raf8 18. Kh1 Kd8 19. Raf1 Kc8 20. Bc4 Qc7 21. Qf2 h5 22. h3 Kb8 23. Be2 {[%emt 0:03:10] Inhibits Ng4.} ({White should play} 23. Re1 $15) 23... Rh6 24. a4 Rfh8 25. Kg1 Qa5 (25... Re8 $15) 26. Qg3 $16 {[%emt 0:01:42][%csl LRf6,LRg7] And now Rxf6+ would win.} Rg6 27. Rg4+ Qc7 28. Rxg6 fxg6 29. Qxg6 Rh6 {[%emt 0:03:09] [#]} (29... c5 $142) 30. Qg5 $1 a6 31. Bf3 Nh7 32. Qc5 {[%emt 0:02:03] White is much more active. The black rooks are badly placed.} g5 $2 {[%emt 0:00:39][%mdl 8192] This costs Black the game.} (32... h4 $16) 33. Be4 $18 {[%emt 0:00:42] Black must now prevent Bxh7.} Qg3 34. Bxh7 {[%emt 0:03:42] White wants to mate with Rf8+.} ({Worse is} 34. Rf8+ Nxf8 35. Qxf8+ Ka7 $11) 34... Rxh7 {[%emt 0:02:14][%mdl 4096] Endgame KQR-KQR} 35. Rf8+ Kc7 36. Qa5+ b6 37. Qxa6 Qe3+ 38. Kh2 {[%emt 0:01:56] Threatening mate with Qa7+.} Rd7 39. Qc8+ Kd6 40. Qb8+ Kd5 41. Rf3 Qe2 42. Qxb6 {[%emt 0:00:17] White threatens Qc5+ and mate.} Qc4 {[%emt 0:04:06] Against Qc5+} 43. b3 {[%emt 0:00:31] Weighted Error Value: White=0.20 (precise) /Black=0.63} 1-0

[Event "GER-chT States Women 2022"]
[Site "Braunfels"]
[Date "2022.06.17"]
[Round "3.5"]
[White "Gheng, Simona"]
[Black "Ciolacu, Alessia-Mihaela"]
[Result "1-0"]
[ECO "C77"]
[WhiteElo "1944"]
[BlackElo "2198"]
[Annotator "NA RC"]
[PlyCount "73"]
[EventDate "2022.06.15"]
[EventType "swiss"]
[EventCountry "GER"]
[SourceTitle "playchess.com"]
[Source "ChessBase"]
[SourceQuality "1"]
[TimeControl "40/5400+30:1800+30"]

1. e4 e5 2. Nf3 Nc6 3. Bb5 a6 4. Ba4 Nf6 5. d3 d6 6. c3 g6 7. O-O Bg7 8. Nbd2 O-O 9. Re1 b5 10. Bc2 Bb7 11. Nf1 d5 12. Bg5 h6 13. Bh4 Re8 14. Ne3 d4 15. Nd5 g5 16. Nxf6+ Bxf6 17. Bg3 Bc8 18. h3 g4 19. Nh2 gxh3 20. Qh5 Bg5 21. gxh3 Qf6 22. Ng4 Bxg4 23. Qxg4 Kh8 24. Bb3 Rad8 25. Rad1 Na5 26. Kh2 Bf4 27. Bxf4 exf4 28. e5 Rxe5 29. Rxe5 Qxe5 30. Bxf7 Qf6 31. Be6 Nc6 32. Qf5 Qh4 33. Rg1 Qe7 34. Rg6 Qf8 35. Rg8+ Qxg8 36. Bxg8 Kxg8 37. Qe6+ 1-0

[Event "GER-chT States Women 2022"]
[Site "Braunfels"]
[Date "2022.06.17"]
[Round "3.6"]
[White "Kuckling, Hannah"]
[Black "Timofeeva, Galina"]
[Result "1-0"]
[ECO "B24"]
[WhiteElo "2070"]
[BlackElo "1979"]
[Annotator "NA RC"]
[PlyCount "43"]
[EventDate "2022.06.15"]
[EventType "swiss"]
[EventCountry "GER"]
[SourceTitle "playchess.com"]
[Source "ChessBase"]
[SourceQuality "1"]
[TimeControl "40/5400+30:1800+30"]

1. e4 c5 2. Nc3 Nc6 3. Bb5 d6 4. Bxc6+ bxc6 5. f4 g6 6. Nf3 Bg7 7. d3 e6 8. O-O Ne7 9. Qe1 d5 10. Qf2 d4 11. Na4 Qa5 12. b3 Ba6 13. Bd2 Qb5 14. Qh4 h6 15. Ne5 f6 16. Nxg6 Nxg6 17. Qh5 O-O-O 18. Qxg6 Rd7 19. Rae1 Kc7 20. e5 Rf8 21. f5 fxe5 22. fxe6 1-0

[Event "GER-chT States Women 2022"]
[Site "Braunfels"]
[Date "2022.06.17"]
[Round "3.8"]
[White "Moeller, Lisa-Marie"]
[Black "Roesler, Hannah Clara"]
[Result "1-0"]
[ECO "B38"]
[WhiteElo "1927"]
[BlackElo "1718"]
[Annotator "TA"]
[PlyCount "105"]
[EventDate "2022.06.15"]
[EventType "swiss"]
[EventCountry "GER"]
[SourceTitle "playchess.com"]
[Source "ChessBase"]
[SourceQuality "1"]
[TimeControl "40/5400+30:1800+30"]

1. e4 c5 2. Nf3 g6 3. d4 cxd4 4. Nxd4 Nc6 5. c4 Bg7 6. Be3 Nf6 7. f3 O-O 8. Nc3 d6 9. Qd2 Bd7 10. Be2 Nxd4 11. Bxd4 a5 12. O-O Bc6 13. Rfd1 Nd7 14. Be3 {[%emt 0:09:59] 14.Bf2 is the hot move.} Nc5 {[%emt 0:03:23] B38: Sicilian: Maroczy Bind with 5...Bg7 and 7...0-0.} 15. Rab1 Qc7 16. Nd5 Bxd5 {[%emt 0:03:28] [#] White has an edge.} 17. cxd5 $146 ({Predecessor:} 17. Qxd5 Rfd8 18. Kh1 h5 19. Qd2 Kh7 20. Rg1 Rh8 21. Qd5 Raf8 22. b3 f5 23. Rbd1 fxe4 24. fxe4 {0-1 (34) Aygun,H (1485)-Yurdakul,D (1762) Ankara 2020}) 17... Rfd8 (17... Qd7 $14 {might be stronger.}) 18. b4 (18. b3 $16) 18... axb4 $11 19. Rxb4 Qa5 (19... Ra3 $5 20. Rc4 Rda8 $15) 20. Bc4 Rdc8 {[%emt 0:19:29] Hoping for ...Na6.} 21. Rc1 $2 {[%emt 0:05:31] [#]} (21. Bf1 $15) 21... h5 $2 (21... Nd3 $1 $19 22. Qxd3 Qxb4) 22. Rb5 Qxd2 23. Bxd2 Bd4+ 24. Kf1 $1 b6 25. Ke2 Nd7 26. Rbb1 Ne5 27. Bb3 b5 28. Rxc8+ Rxc8 29. Rc1 Rxc1 (29... Bc5 $11) 30. Bxc1 {[%emt 0:00:04][%mdl 4096] Endgame KBB-KBN} b4 {[%emt 0:01:03] Black is on the road to losing.} ({Better is} 30... Kg7 $14) 31. Be3 (31. Ba4 $16) 31... Bb2 ({Black should play} 31... Bxe3 $14 32. Kxe3 g5) 32. Bd2 $18 Ba3 33. f4 Nd7 34. Bc2 Nc5 {[%emt 0:02:16] [#]} 35. Ke3 $1 e6 (35... Kf8 {is a better defense.} 36. Kd4 Ke8) 36. Kd4 Nd7 (36... Na6 {was called for.} 37. Kc4 exd5+ 38. Kxd5 Nc7+ 39. Kc6 Ne6) 37. dxe6 fxe6 38. Kc4 Kf7 (38... e5 $142 39. Bb3 Kg7 40. fxe5 Nxe5+ 41. Kd5 Kf6 42. Kxd6 h4) 39. Bxb4 Bxb4 40. Kxb4 {[%emt 0:00:07] KB-KN} Nf6 41. h3 h4 42. a4 d5 43. e5 Nh5 44. a5 {[%emt 0:00:00] White mates.} Nxf4 45. a6 d4 46. a7 Nd5+ 47. Kc5 Ne3 48. Bd3 Nxg2 49. a8=Q Nf4 50. Qf3 g5 51. Kxd4 Kg7 52. Qg4 Kh6 53. Bc4 {[%emt 0:00:00] Weighted Error Value: White=0.23 (precise) /Black=0.47} 1-0

[Event "GER-chT States Women 2022"]
[Site "Braunfels"]
[Date "2022.06.17"]
[Round "3.9"]
[White "Hund, Sarah"]
[Black "Khrapko, Marharyta"]
[Result "0-1"]
[ECO "B24"]
[WhiteElo "2086"]
[BlackElo "2110"]
[Annotator "TA"]
[PlyCount "100"]
[EventDate "2022.06.15"]
[EventType "swiss"]
[EventCountry "GER"]
[SourceTitle "playchess.com"]
[Source "ChessBase"]
[SourceQuality "1"]
[TimeControl "40/5400+30:1800+30"]

1. e4 c5 2. Nc3 Nc6 3. Bb5 Nd4 4. Bc4 e6 5. Nf3 a6 6. Nxd4 cxd4 7. Ne2 b5 8. Bb3 Bc5 9. d3 Ne7 10. c3 Nc6 11. O-O Qb6 {[%emt 0:01:20] B30: Sicilian: 2...Nc6 3 Bb5, lines without ...g6.} 12. Ng3 {[%emt 0:02:12] [#]} b4 $146 (12... O-O $11) ({Predecessor:} 12... Bb7 13. Qg4 O-O-O 14. Ne2 h5 15. Qh3 a5 16. a3 f6 17. cxd4 Nxd4 18. Nxd4 Bxd4 19. Be3 {½-½ (47) Malbran,G (2315)-Quinteros,M (2505) Buenos Aires 1991}) 13. Nh5 $18 g6 {[%emt 0:03:25] White is clearly better.} 14. Nf6+ Kd8 15. cxb4 $2 (15. Bh6 $18) 15... Be7 $14 16. e5 (16. Qf3 $16) 16... Nxe5 $11 17. Ne4 f5 (17... Bb7 $11 {remains equal.}) 18. Bf4 $16 Nf7 19. Nd2 Qxb4 20. Nc4 (20. a3 $16 Qb5 21. Rc1) 20... Bb7 (20... a5 $14) 21. Rc1 {[%emt 0:04:30][%mdl 1024] Ne5 is the strong threat. White has strong compensation.} Rc8 22. Qe2 (22. Bd2 $16 Qb5 23. Ba4) 22... Bf6 $11 23. Bd2 Qb5 24. Na5 {[%emt 0:00:58][%cal Ob3e6] Strongly threatening Bxe6!} Ke7 25. Bc4 (25. Rc4 $1 $11) 25... Qb6 $1 $15 (25... Qxb2 $2 26. Rb1 Qxb1 27. Rxb1 $18) 26. Rfe1 Ne5 {[%emt 0:01:38] Active counter play!} (26... Qxb2 $2 27. Rb1 Qxb1 28. Rxb1 $18) (26... Ba8 $17) 27. Nxb7 (27. f4 $11 {keeps the balance.} Nxc4 28. Nxc4) 27... Nxc4 $17 28. dxc4 {[%emt 0:00:36] Black must now prevent Qf3.} Qxb7 29. c5 (29. b4 $17) 29... Kf7 30. Bf4 (30. b4 $17) 30... Qd5 $1 $19 31. Bd6 Qxa2 ({Black should try} 31... d3 $19 32. Qd2 e5) 32. Ra1 $17 Qb3 33. Rxa6 Qb7 {[%emt 0:08:29] Inhibits Ra7.} (33... d3 $17 34. Qd1 Qc2) 34. Rb6 Qd5 35. Qb5 (35. Qf3 $11) 35... Rhd8 36. Rb7 Qc6 ({Black should play} 36... Rc6 $1 $17 37. Rb8 d3) 37. Qb4 Qd5 (37... d3 $11) 38. Qb5 {[%emt 0:01:21] [#]} Rc6 $1 39. h3 {[%emt 0:02:02] [#]} e5 $1 40. Qb3 $2 {[%emt 0:04:46] Now White is beyond hope.} (40. Rb8 $17 {is a better defense.}) 40... Qxb3 $19 41. Rxb3 e4 42. f3 e3 43. Kf1 Rdc8 44. Rb7 (44. Rd3 {was called for.}) 44... Ke6 45. b4 (45. Rb4 $142 f4 46. Ra4) 45... Rxd6 46. cxd6 Bh4 47. Ra1 Rc2 48. Rc7 e2+ 49. Kg1 d3 50. b5 Kxd6 {[%emt 0:00:00] Weighted Error Value: White=0.69/Black=0.25 (precise)} 0-1

[Event "GER-chT States Women 2022"]
[Site "Braunfels"]
[Date "2022.06.17"]
[Round "3.10"]
[White "Birkholz, Olga"]
[Black "Frey, Alisa"]
[Result "1/2-1/2"]
[ECO "A22"]
[WhiteElo "1993"]
[BlackElo "1998"]
[Annotator "NA RC"]
[PlyCount "51"]
[EventDate "2022.06.15"]
[EventType "swiss"]
[EventCountry "GER"]
[SourceTitle "playchess.com"]
[Source "ChessBase"]
[SourceQuality "1"]
[TimeControl "40/5400+30:1800+30"]

1. c4 e5 2. Nc3 Nf6 3. g3 d5 4. cxd5 Nxd5 5. Qa4+ Nc6 6. Bg2 Be6 7. Nf3 Nb6 8. Qd1 Be7 9. O-O O-O 10. d3 f6 11. Bd2 Qd7 12. Re1 Nb4 13. a4 a5 14. b3 c6 15. Ne4 N6d5 16. Rc1 b6 17. d4 Bf5 18. Nh4 exd4 19. Nxf5 Qxf5 20. Rc4 c5 21. Bxb4 axb4 22. e3 dxe3 23. Qxd5+ Qxd5 24. Nxf6+ Bxf6 25. Bxd5+ Kh8 26. fxe3 1/2-1/2

[Event "GER-chT States Women 2022"]
[Site "Braunfels"]
[Date "2022.06.17"]
[Round "3.11"]
[White "Kuehnel, Lena"]
[Black "Stangl, Anita"]
[Result "1/2-1/2"]
[ECO "C05"]
[WhiteElo "1928"]
[BlackElo "2041"]
[Annotator "NA RC"]
[PlyCount "57"]
[EventDate "2022.06.15"]
[EventType "swiss"]
[EventCountry "GER"]
[SourceTitle "playchess.com"]
[Source "ChessBase"]
[SourceQuality "1"]
[TimeControl "40/5400+30:1800+30"]

1. e4 e6 2. d4 d5 3. Nd2 Nf6 4. e5 Nfd7 5. Bd3 c5 6. c3 Nc6 7. Ndf3 Qb6 8. Ne2 cxd4 9. cxd4 f6 10. exf6 Nxf6 11. O-O Bd6 12. b3 O-O 13. Bg5 Bd7 14. Bh4 Rae8 15. Bg3 Bxg3 16. Nxg3 e5 17. dxe5 Nxe5 18. Nxe5 Rxe5 19. Qd2 Rfe8 20. h3 Qe6 21. Rac1 g6 22. Rc2 Nh5 23. Nxh5 Rxh5 24. Be2 Re5 25. Bg4 Qd6 26. Bxd7 Qxd7 27. Rd1 d4 28. Qb4 Rd5 29. Qc4 1/2-1/2

[Event "GER-chT States Women 2022"]
[Site "Braunfels"]
[Date "2022.06.17"]
[Round "3.12"]
[White "Braun, Kristin"]
[Black "Kohm, Vanessa"]
[Result "1/2-1/2"]
[ECO "B38"]
[WhiteElo "1905"]
[BlackElo "1772"]
[Annotator "TA"]
[PlyCount "119"]
[EventDate "2022.06.15"]
[EventType "swiss"]
[EventCountry "GER"]
[SourceTitle "playchess.com"]
[Source "ChessBase"]
[SourceQuality "1"]
[TimeControl "40/5400+30:1800+30"]

1. e4 c5 2. Nf3 Nc6 3. d4 cxd4 4. Nxd4 g6 5. c4 Bg7 6. Be3 d6 7. Nc3 Nf6 8. Be2 O-O 9. O-O a6 10. Rc1 Bd7 11. b3 Rc8 12. Kh1 {[%emt 0:03:42] [#] B38: Sicilian: Maroczy Bind with 5...Bg7 and 7...0-0.} (12. Nxc6 $14 Bxc6 13. f3) 12... e6 $146 (12... b5 $11) ({Predecessor:} 12... Qa5 13. f4 b5 14. cxb5 axb5 15. Ndxb5 Nb4 16. a4 Bc6 17. Bf3 Bxb5 18. Nxb5 Na2 19. Rxc8 Rxc8 {1-0 (37) Maher,C (1939)-Purkic,R (1483) Tornelo INT 2021}) 13. Qd2 Re8 14. Rfd1 {[%emt 0:01:34] White is slightly better.} Qe7 (14... Qa5 $14) 15. Nf3 (15. Nc2 $1 $16) 15... Bf8 (15... Ng4 $11) 16. Bg5 Red8 (16... h6 $16) 17. Qf4 (17. c5 $18 dxc5 18. e5) 17... Bg7 $16 18. Qxd6 {[%emt 0:05:24] White is more active.} ({Don't do} 18. Rxd6 h6 19. Bxf6 Qxf6 $14) 18... Qxd6 19. Rxd6 h6 20. Bh4 (20. Be3 $16) 20... g5 $11 21. Bg3 Nh5 22. Na4 Nxg3+ 23. hxg3 {[%emt 0:00:09] Threatens to win with Nb6.} Bf8 (23... Be8 $5 24. Rxd8 Rxd8 $11) 24. Rd2 Be8 25. Rcd1 Bb4 26. Rxd8 Rxd8 27. Rxd8 Nxd8 28. Nb2 Nc6 29. Nd3 Bc3 30. Nc5 Nd8 31. Kg1 g4 32. Nh4 h5 33. Kf1 Bc6 34. f3 Be5 35. fxg4 Bxg3 {[%emt 0:03:43] This bishop pair is nice.} 36. Nf3 Bd6 ({But not} 36... hxg4 37. Nd4 $14) 37. Nd3 hxg4 38. Nd2 f5 39. exf5 exf5 40. c5 Be7 41. Nc4 Ne6 (41... Kg7 $15 {deserves consideration.}) 42. b4 (42. Nde5 $11) 42... Nd4 $15 43. Ne3 $2 (43. g3 $15) 43... Bg5 $19 44. Nc4 Nxe2 45. Kxe2 Bxg2 {[%emt 0:00:00][%mdl 4096] Endgame Hoping for ...Bd5. KBB-KNN} 46. Nd6 $2 (46. a4) 46... f4 47. Ne5 f3+ 48. Kf2 {[%emt 0:00:00] [#]} Bh4+ $2 (48... g3+ $1 $19 49. Kxg3 {[#]} Bf4+ $1 50. Kf2 (50. Kxf4 $2 f2 $19) 50... Bxe5) 49. Kg1 $15 Bh3 {[%emt 0:00:00] ( -> ...f2+)} 50. Ne4 {[%emt 0:00:00] Prevents f2+.} Be1 (50... Kg7 $5 51. Nf2 Kf6 52. Nexg4+ Bxg4 53. Nxg4+ Kf5 54. Nh6+ Ke6 $17) 51. Nd3 Bh4 (51... f2+ $11 52. Nexf2 Bc3) 52. Ne5 Kg7 {[%emt 0:00:00] And now ...Bf6 would win.} 53. Nf2 Bf6 ({Better is} 53... Kf6 $15 54. Nexg4+ Bxg4 55. Nxg4+ Kf5 56. Nh6+ Ke6) 54. Nfxg4 $11 Bxg4 55. Nxg4 {[%emt 0:00:00] KB-KN} Bc3 56. Kf2 Bxb4 57. Kxf3 (57. c6 $1 $11 bxc6 58. Ne5) 57... Bxc5 $15 58. Ke4 Kf7 59. Kd5 Bg1 (59... Bb6 $15) 60. Ke4 {Never resign too early!  Weighted Error Value: White=0.37/Black=0.26 (precise)} ({White should play} 60. Kd6 $1 $11) 1/2-1/2

[Event "GER-chT States Women 2022"]
[Site "Braunfels"]
[Date "2022.06.17"]
[Round "3.13"]
[White "Grining, Maria"]
[Black "Ankerst, Milka"]
[Result "0-1"]
[ECO "A46"]
[WhiteElo "1759"]
[BlackElo "1931"]
[Annotator "RC"]
[PlyCount "80"]
[EventDate "2022.06.15"]
[EventType "swiss"]
[EventCountry "GER"]
[SourceTitle "playchess.com"]
[Source "ChessBase"]
[SourceQuality "1"]
[TimeControl "40/5400+30:1800+30"]

1. d4 Nf6 2. Nf3 e6 3. e3 c5 4. Bd3 Nc6 5. O-O d5 6. b3 cxd4 7. exd4 Be7 8. Bb2 O-O 9. Nbd2 Bd7 10. Ne5 Nb4 11. Be2 Rc8 12. c3 Nc6 13. Bd3 a6 14. f4 g6 15. Qf3 b5 16. g4 Nxe5 17. dxe5 Qb6+ 18. Kh1 Ne8 19. f5 exf5 20. gxf5 Bg5 21. Qf2 Qxf2 22. Rxf2 Bc6 23. Nf3 Be3 24. Rff1 Ng7 25. Nd4 Bb7 26. Rad1 Rfe8 27. e6 gxf5 28. exf7+ Kxf7 29. Bxf5 Nxf5 30. Rxf5+ Kg6 31. Rdf1 Rc7 32. R1f3 Bxd4 33. cxd4 Re1+ 34. Kg2 Re2+ 35. Rf2 Rxb2 36. Rf6+ Kg7 37. Kg3 Rxf2 38. Rxf2 Bc8 39. Re2 Bf5 40. Kf4 Be4 0-1

[Event "GER-chT States Women 2022"]
[Site "Braunfels"]
[Date "2022.06.17"]
[Round "3.14"]
[White "Spiel, Marianne"]
[Black "Landenberger, Anja Kathrin"]
[Result "1-0"]
[ECO "B10"]
[WhiteElo "1910"]
[BlackElo "1767"]
[Annotator "NA RC"]
[PlyCount "61"]
[EventDate "2022.06.15"]
[EventType "swiss"]
[EventCountry "GER"]
[SourceTitle "playchess.com"]
[Source "ChessBase"]
[SourceQuality "1"]
[TimeControl "40/5400+30:1800+30"]

1. e4 c6 2. c4 d5 3. exd5 cxd5 4. cxd5 Qxd5 5. Nc3 Qd8 6. Nf3 Nc6 7. Bc4 e6 8. O-O Nf6 9. d4 Be7 10. d5 exd5 11. Nxd5 Nxd5 12. Bxd5 Nb4 13. Be4 Qxd1 14. Rxd1 f5 15. Bb1 Nc6 16. a3 O-O 17. Ba2+ Kh8 18. Ng5 h6 19. Ne6 Rf6 20. Nc7 Rb8 21. Nd5 Rg6 22. Nxe7 Nxe7 23. Rd8+ Kh7 24. Bf4 Ra8 25. Re8 Rg4 26. g3 Nc6 27. f3 Rxf4 28. gxf4 Rb8 29. Bd5 Nd4 30. Rd1 Ne2+ 31. Rxe2 1-0

[Event "GER-chT States Women 2022"]
[Site "Braunfels"]
[Date "2022.06.17"]
[Round "3.15"]
[White "Kuehnel, Jutta"]
[Black "Schilay, Eva"]
[Result "1-0"]
[ECO "C54"]
[WhiteElo "1547"]
[BlackElo "1691"]
[Annotator "NA RC"]
[PlyCount "85"]
[EventDate "2022.06.15"]
[EventType "swiss"]
[EventCountry "GER"]
[SourceTitle "playchess.com"]
[Source "ChessBase"]
[SourceQuality "1"]
[TimeControl "40/5400+30:1800+30"]

1. e4 e5 2. Nf3 Nc6 3. Bc4 Bc5 4. c3 Nf6 5. d4 exd4 6. cxd4 Bb4+ 7. Nc3 d5 8. exd5 Nxd5 9. O-O Nxc3 10. Qe1+ Ne2+ 11. Qxe2+ Qe7 12. Qxe7+ Nxe7 13. Bf4 Bd7 14. a3 Bd6 15. Bxd6 cxd6 16. Rfe1 Bg4 17. Ng5 Bh5 18. Re3 Kf8 19. Rae1 Nf5 20. Re4 Bg6 21. Bb5 f6 22. Ne6+ Kf7 23. Nf4 Rhd8 24. Bc4+ d5 25. Bxd5+ Rxd5 26. Nxd5 Rd8 27. Nc3 Nxd4 28. Re7+ Kf8 29. Rxb7 Nc6 30. h3 a5 31. Rd1 Bc2 32. Rxd8+ Nxd8 33. Ra7 a4 34. Nxa4 Nc6 35. Ra8+ Ke7 36. Nc3 Kd6 37. Re8 Kc5 38. Rc8 Kd6 39. Nb5+ Kd5 40. Rxc6 Ba4 41. Nc3+ Kxc6 42. Nxa4 Kb5 43. b3 1-0

[Event "GER-chT States Women 2022"]
[Site "Braunfels"]
[Date "2022.06.17"]
[Round "3.16"]
[White "Schaefer, Ann-Kathrin"]
[Black "Chung, Simone"]
[Result "1-0"]
[ECO "D05"]
[WhiteElo "1680"]
[BlackElo "1458"]
[Annotator "NA RC"]
[PlyCount "83"]
[EventDate "2022.06.15"]
[EventType "swiss"]
[EventCountry "GER"]
[SourceTitle "playchess.com"]
[Source "ChessBase"]
[SourceQuality "1"]
[TimeControl "40/5400+30:1800+30"]

1. d4 d5 2. Nf3 e6 3. e3 Nf6 4. Bd3 c5 5. O-O Nc6 6. b3 Be7 7. Bb2 O-O 8. Nbd2 Bd7 9. c4 Nb4 10. Be2 Rc8 11. dxc5 Bxc5 12. a3 Nc6 13. b4 Be7 14. c5 b6 15. b5 Na5 16. c6 Be8 17. Bd3 Kh8 18. Qc2 h6 19. Rfd1 Nb7 20. Nb3 Nc5 21. Nxc5 bxc5 22. e4 Qb6 23. exd5 exd5 24. Be5 Ng4 25. Bf5 Nxe5 26. Bxc8 Nxf3+ 27. gxf3 Qxb5 28. Rab1 Qxc6 29. Bb7 Qf6 30. Bxd5 Qh4 31. Qe4 Qg5+ 32. Qg4 Qe5 33. Rb7 Bf6 34. Rxa7 Qc3 35. Qc4 Qxc4 36. Bxc4 Bd4 37. Ra8 Kg8 38. a4 Bc6 39. Rxf8+ Kxf8 40. a5 Bxf3 41. Re1 Bc3 42. Re3 1-0

[Event "GER-chT States Women 2022"]
[Site "Braunfels"]
[Date "2022.06.17"]
[Round "3.17"]
[White "Tuzi, Bruna"]
[Black "Koehler, Inken"]
[Result "1/2-1/2"]
[ECO "B00"]
[WhiteElo "1999"]
[BlackElo "2002"]
[Annotator "NA RC"]
[PlyCount "136"]
[EventDate "2022.06.15"]
[EventType "swiss"]
[EventCountry "GER"]
[SourceTitle "playchess.com"]
[Source "ChessBase"]
[SourceQuality "1"]
[TimeControl "40/5400+30:1800+30"]

1. e4 d6 2. Nc3 Nf6 3. f4 Nbd7 4. Nf3 e5 5. Bc4 Be7 6. d3 c6 7. O-O Qb6+ 8. Kh1 O-O 9. f5 Qc7 10. a4 a5 11. Qe2 b6 12. g4 d5 13. Bb3 dxe4 14. dxe4 Ba6 15. Qe1 Bxf1 16. Qxf1 Nc5 17. g5 Nxb3 18. cxb3 Ne8 19. Qh3 Rd8 20. Be3 Rd3 21. Re1 Bb4 22. g6 fxg6 23. Ng5 Nf6 24. Ne6 Qf7 25. Nxf8 Bxf8 26. fxg6 hxg6 27. Qf1 Rd7 28. Bxb6 Qxb3 29. Bxa5 Rf7 30. Qg2 Nh5 31. Qd2 Nf4 32. Rf1 Qc4 33. Rf2 Bc5 34. Rf3 Bd4 35. h3 Bxc3 36. Bxc3 Qxe4 37. Qe3 Qd5 38. Kh2 g5 39. Rf2 ({But not} 39. Bxe5 $2 Re7 40. Qb3 Rxe5 $19) 39... e4 40. a5 Qd6 41. Rd2 Nd5+ 42. Qg3 Qxg3+ 43. Kxg3 Rf3+ 44. Kg4 Nxc3 45. bxc3 Rxc3 46. Ra2 Rd3 47. a6 Rd8 48. Kf5 $2 ({And not} 48. a7 Ra8 $11) (48. Kxg5 $18 Kf7 49. Kf4) 48... e3 49. Ke4 Kf7 50. Kxe3 Ke6 51. a7 Ra8 52. Kd4 Kd6 53. Ra5 c5+ $1 54. Kc4 Kc6 55. Rxc5+ Kb6 56. Rxg5 Rxa7 57. Rg6+ Ka5 58. Rg3 Rf7 59. Kd5 Kb6 60. Ke6 Ra7 61. Rg5 Ra4 62. Rxg7 Rh4 63. Rg3 Kc5 64. Kf5 Rh8 $11 65. Rg5 Kd6 66. Kg4 Ke6 67. h4 Kf7 68. h5 Rg8 1/2-1/2

[Event "GER-chT States Women 2022"]
[Site "Braunfels"]
[Date "2022.06.17"]
[Round "3.18"]
[White "Braeutigam, Irina"]
[Black "Bluebaum, Johanna"]
[Result "0-1"]
[ECO "D05"]
[WhiteElo "2013"]
[BlackElo "2049"]
[Annotator "TA"]
[PlyCount "82"]
[EventDate "2022.06.15"]
[EventType "swiss"]
[EventCountry "GER"]
[SourceTitle "playchess.com"]
[Source "ChessBase"]
[SourceQuality "1"]
[TimeControl "40/5400+30:1800+30"]

1. d4 d5 2. Nf3 Nf6 3. e3 e6 4. b3 c5 5. Bd3 Nc6 6. Bb2 Bd6 7. O-O O-O 8. Nbd2 cxd4 9. exd4 Nb4 10. Be2 Qc7 {[%emt 0:08:19] D05: Colle System with ...e6.} 11. c3 Nc6 12. c4 Ne4 {[%emt 0:02:08] The position is equal.} 13. Re1 {[%emt 0:16:01] [#]} f5 $146 ({Predecessor:} 13... Bb4 14. a3 Nc3 15. Qc2 Nxe2+ 16. Rxe2 Bd6 17. Nf1 f6 18. Ne3 Ne7 {½-½ (16) Bueno Gauna,C (2069)-Pompa Vega,D (1903) Havana 2018}) 14. Nf1 Bb4 15. N3d2 (15. N1d2 $11) 15... Qa5 $17 {[%emt 0:03:41][%cal Rb4d2] 0x0.00176344e866dp-1022s more active pieces.} 16. Nxe4 fxe4 17. Ne3 Bxe1 18. Qxe1 Qd8 19. Rd1 Qg5 ({Black should play} 19... Kh8 $15) 20. Qd2 (20. cxd5 $11 exd5 21. Nxd5) 20... Kh8 21. Ng4 Qf5 22. f3 Bd7 23. fxe4 Qxe4 24. Bf3 Qg6 25. Qe2 Rf4 26. Nf2 Raf8 27. Kh1 Qf5 28. Ng4 Qf7 {[%emt 0:13:24] Hoping for ...dxc4.} 29. h3 (29. Ne3 $17) 29... Be8 (29... dxc4 $19 30. bxc4 e5 31. dxe5 Be6) 30. Ba3 $2 {[%emt 0:06:34] Now White is beyond hope.} (30. Ne3 $17) 30... Nxd4 $19 ({Worse is} 30... Rxf3 31. Bxf8 Rf5 32. Bd6 $11) 31. Rxd4 Rxd4 32. Bxf8 Qxf8 33. cxd5 exd5 34. Qe5 Rd2 35. Qc3 Rxa2 36. Ne3 Bc6 {[%emt 0:01:36][%cal Od5d4] [#] aiming for ...d4!} 37. Nxd5 Bxd5 38. Bxd5 b6 39. Bf3 Rf2 {[%emt 0:02:15] ( -> ...Rf1+)} 40. Qd4 {[%emt 0:01:06] [#]} (40. Qd3 $19) 40... Rf1+ 41. Kh2 Qb8+ {[%emt 0:30:17] Weighted Error Value: White=0.57/Black=0.13 (very precise)} 0-1